Stars vs Bruins
(R1)
Created - June 17, 2022 at 19:11
Goals
|
| Stars |
0 |
1 |
0 |
1 |
| Bruins |
1 |
0 |
2 |
3 |
|
Shots
|
| Stars |
0 |
9 |
10 |
19 |
| Bruins |
16 |
2 |
10 |
28 |
|
1st period
1. Bruins , Madison Bowey 5 (Zack Kassian 46, Wojtek Wolski 52) at 19:30
Penalties :
Torey Krug (Bos) for Interference (Minor) at 0:28, Cam Atkinson (Dal) for Roughing (Minor) at 2:39, Michael Grabner (Dal) for Hooking (Minor) at 11:48
2nd period
2. Stars , Evgeny Grachev 20 (Andrew Ladd 10, Alex Chiasson 17) at 9:50
Penalties :
No Penalty
3rd period
3. Bruins , Kevin Hayes 14 (Gabriel Landeskog 28, Jason Demers 28) at 0:39
4. Bruins , Zack Kassian 37 (Jonathan Toews 52, Wojtek Wolski 53) at 9:58
Penalties :
Alex Chiasson (Dal) for High sticking (Minor) at 2:47, Torey Krug (Bos) for Unsportsmanlike conduct (Minor) at 11:33, Brian Lee (Dal) for Hooking (Minor) at 16:03
Goalie Stats
Matt Murray (Dal), 25 saves from 28 shots - (0.893), L, 32-26-4, 60:00 minutes
Kevin Poulin (Bos), 18 saves from 19 shots - (0.947), W, 42-29-2, 60:00 minutes
Players Stats for Stars
Player Name G A P +/- PIM S H SB GA TA FO MP PP MP PK MP
------------------------------------------------------------------------------------
Alex Chiasson 0 1 1 -1 2 0 0 0 0 0 1/1 19:33 1:50 2:15
Andrej Sustr 0 0 0 0 0 0 0 1 0 0 0/0 11:34 0:00 1:02
Andrew Ladd 0 1 1 -1 0 3 3 0 1 0 0/1 18:38 1:50 0:58
Boris Valabik 0 0 0 0 0 1 0 1 0 0 0/0 20:58 2:11 3:06
Brian Lee 0 0 0 -2 2 1 1 0 0 0 0/0 24:45 1:47 3:30
Cam Atkinson 0 0 0 -1 2 1 0 0 2 0 0/1 13:24 0:00 1:50
Cory Emmerton 0 0 0 -1 0 0 1 0 0 0 5/9 12:42 0:00 0:45
Danny Richmond 0 0 0 0 0 1 0 3 0 0 0/0 20:41 2:11 3:00
Evgeny Grachev 1 0 1 -1 0 4 3 0 1 2 6/10 17:21 1:50 0:00
Evgeny Kuznetsov 0 0 0 0 0 0 0 0 0 0 1/1 5:30 0:00 0:00
Guillaume Latendresse 0 0 0 0 0 0 0 1 0 0 0/1 25:09 2:08 3:56
Ian White 0 0 0 -2 0 1 2 2 0 1 0/0 28:10 1:47 4:50
John Tavares 0 0 0 0 0 4 1 1 1 1 18/31 25:12 2:08 3:59
Michael Grabner 0 0 0 0 2 2 2 0 0 0 2/2 21:03 2:08 2:09
Paul Ladue 0 0 0 0 0 1 1 1 0 0 0/0 10:42 0:00 0:00
Tobias Rieder 0 0 0 -1 0 0 0 1 0 0 0/0 11:18 0:00 0:00
Tyler Brenner 0 0 0 0 0 0 0 1 0 0 0/0 0:50 0:00 0:00
Tyson Barrie 0 0 0 0 0 0 1 0 0 0 0/0 4:30 0:00 0:24
Players Stats for Bruins
Player Name G A P +/- PIM S H SB GA TA FO MP PP MP PK MP
------------------------------------------------------------------------------------
Adam Pelech 0 0 0 1 0 0 0 0 0 0 0/0 12:39 0:00 1:46
Andreas Athanasiou 0 0 0 0 0 0 0 0 0 0 0/0 9:07 0:19 0:00
Andrei Kostitsyn 0 0 0 0 0 0 0 0 0 0 0/0 11:01 0:19 0:19
Brendan Smith 0 0 0 0 0 1 2 1 0 0 0/0 27:27 3:07 2:12
Casey Cizikas 0 0 0 0 0 0 0 0 0 0 2/4 10:29 0:00 0:19
Gabriel Landeskog 0 1 1 0 0 2 1 0 0 2 1/1 18:08 3:14 1:25
Jason Demers 0 1 1 0 0 2 2 1 1 0 0/0 28:32 4:49 2:12
Jonathan Toews 0 1 1 2 0 2 2 0 1 2 14/32 22:14 4:23 1:25
Josh Manson 0 0 0 1 0 0 2 0 0 0 0/0 9:58 0:00 0:00
Kevin Hayes 1 0 1 0 0 3 0 0 1 1 5/12 16:28 3:14 0:00
Kris Chucko 0 0 0 0 0 2 1 0 0 0 0/0 8:18 0:00 0:00
Madison Bowey 1 0 1 1 0 3 1 0 0 0 0/0 20:25 3:07 1:46
Matt Read 0 0 0 0 0 1 5 1 0 0 1/1 10:29 0:19 0:00
Mikael Backlund 0 0 0 0 0 0 2 0 0 0 0/3 8:12 0:00 0:00
Torey Krug 0 0 0 1 4 1 1 1 1 0 0/0 19:54 4:49 0:00
Victor Oreskovich 0 0 0 0 0 5 0 0 0 0 0/0 16:33 3:14 0:00
Wojtek Wolski 0 2 2 2 0 2 3 0 0 0 1/4 23:03 4:23 2:14
Zack Kassian 1 1 2 2 0 4 0 1 0 0 0/0 23:03 4:23 2:14
3 Stars
1 - Zack Kassian (Bos)
2 - Wojtek Wolski (Bos)
3 - Madison Bowey (Bos)
Power Play
Stars - 0 on 2 Attempt(s) - 0.00%
Bruins - 0 on 4 Attempt(s) - 0.00%
Penalty Kill
Stars - 4 on 4 Attempt(s) - 100.00%
- Score 0 goal in Penalty Kill
Bruins - 2 on 2 Attempt(s) - 100.00%
- Score 0 goal in Penalty Kill
Team Stat
Stars - Hits : 15 - Faceoff Wins : 33 - Blocked Shots : 12 - Penalty Minutes : 8
Bruins - Hits : 22 - Faceoff Wins : 24 - Blocked Shots : 5 - Penalty Minutes : 4
Official
Referees : Francis Charron and Jean Hebert
Linesman : Matt MacPherson and Greg Devorski
Game Notes
Tyler Brenner is injured at 9:10 of 2nd period (Broken Bone (Right Foot))
Finance
Level 1 -- Attendance: 6000 (100.00%) -- Ticket Income $600,000
Level 2 -- Attendance: 4654 (93.08%) -- Ticket Income $279,240
Level 3 -- Attendance: 1866 (93.30%) -- Ticket Income $65,310
Level 4 -- Attendance: 3824 (95.60%) -- Ticket Income $95,600
Luxury Box -- Attendance: 1000 (100.00%) -- Ticket Income $200,000
Game was played at the TD Garden.
Total Attendance: 17344 (96.36%)
Total Ticket Income: $1,240,150
Other Income: $186,022
Total Income: $1,426,172
Stars
5 vs 5 Forward
Center Left Wing Right Wing Time % Phy DF OF
1 John Tavares Guillaume Latendresse Michael Grabner 40 1 2 2
2 Evgeny Grachev Andrew Ladd Alex Chiasson 30 1 2 2
3 Cory Emmerton Tobias Rieder Cam Atkinson 20 1 2 2
4 Evgeny Kuznetsov John Tavares Guillaume Latendresse 10 1 2 2
5 vs 5 Defense
Defense Defense Time % Phy DF OF
1 Ian White Brian Lee 40 1 2 2
2 Boris Valabik Danny Richmond 30 1 2 2
3 Paul Ladue Andrej Sustr 20 1 2 2
4 Tyson Barrie Ian White 10 1 2 2
PowerPlay Forward
Center Left Wing Right Wing Time % Phy DF OF
1 John Tavares Guillaume Latendresse Michael Grabner 60 1 2 2
2 Evgeny Grachev Andrew Ladd Alex Chiasson 40 1 2 2
PowerPlay Defense
Defense Defense Time % Phy DF OF
1 Ian White Brian Lee 60 1 2 2
2 Boris Valabik Danny Richmond 40 1 2 2
Penalty Kill 4 Players Forward
Center Wing Time % Phy DF OF
1 John Tavares Guillaume Latendresse 60 1 2 2
2 Michael Grabner Alex Chiasson 40 1 2 2
Penalty Kill 4 Players Defense
Defense Defense Time % Phy DF OF
1 Ian White Brian Lee 60 1 2 2
2 Boris Valabik Danny Richmond 40 1 2 2
Penalty Kill - 3 Players Forward
Forward Time % Phy DF OF
1 John Tavares 60 1 2 2
2 Guillaume Latendresse 40 1 2 2
Penalty Kill - 3 Players Defense
Defense Defense Time % Phy DF OF
1 Ian White Brian Lee 60 1 2 2
2 Boris Valabik Danny Richmond 40 1 2 2
4 vs 4 Forward
Center Wing Time % Phy DF OF
1 John Tavares Guillaume Latendresse 60 1 2 2
2 Michael Grabner Alex Chiasson 40 1 2 2
4 vs 4 Defense
Defense Defense Time % Phy DF OF
1 Ian White Brian Lee 60 1 2 2
2 Boris Valabik Danny Richmond 40 1 2 2
Last Minutes Offensive
Center Left Wing Right Wing Defense Defense
John Tavares Guillaume Latendresse Michael Grabner Ian White Brian Lee
Last Minutes Defensive
Center Left Wing Right Wing Defense Defense
John Tavares Guillaume Latendresse Michael Grabner Ian White Brian Lee
Goaltenders
Starting : Matt Murray
Backup : Braden Holtby
Extra Forwards
Normal : Tyler Brenner, Cory Emmerton, Cam Atkinson - PP : Tyler Brenner, Cory Emmerton - PK : Cam Atkinson
Extra Defensemen
Normal : Paul Ladue, Andrej Sustr, Tyson Barrie - PP : Paul Ladue - PK : Andrej Sustr, Tyson Barrie
Penalty Shots
John Tavares, Guillaume Latendresse, Michael Grabner, Alex Chiasson, Andrew Ladd
Scratches
Jonathan Drouin (Healthy), Scott Kosmachuck (Healthy)
Bruins
5 vs 5 Forward
Center Left Wing Right Wing Time % Phy DF OF
1 Jonathan Toews Wojtek Wolski Zack Kassian 40 1 2 2
2 Kevin Hayes Gabriel Landeskog Victor Oreskovich 30 1 2 2
3 Casey Cizikas Andrei Kostitsyn Matt Read 20 1 2 2
4 Mikael Backlund Kris Chucko Andreas Athanasiou 10 1 2 2
5 vs 5 Defense
Defense Defense Time % Phy DF OF
1 Jason Demers Brendan Smith 40 1 2 2
2 Madison Bowey Torey Krug 30 1 2 2
3 Josh Manson Adam Pelech 20 1 2 2
4 Jason Demers Brendan Smith 10 1 2 2
PowerPlay Forward
Center Left Wing Right Wing Time % Phy DF OF
1 Jonathan Toews Wojtek Wolski Zack Kassian 60 1 2 2
2 Kevin Hayes Gabriel Landeskog Victor Oreskovich 40 1 2 2
PowerPlay Defense
Defense Defense Time % Phy DF OF
1 Jason Demers Torey Krug 60 1 2 2
2 Madison Bowey Brendan Smith 40 1 2 2
Penalty Kill 4 Players Forward
Center Wing Time % Phy DF OF
1 Wojtek Wolski Zack Kassian 60 1 2 2
2 Jonathan Toews Gabriel Landeskog 40 1 2 2
Penalty Kill 4 Players Defense
Defense Defense Time % Phy DF OF
1 Jason Demers Brendan Smith 60 1 2 2
2 Madison Bowey Torey Krug 40 1 2 2
Penalty Kill - 3 Players Forward
Forward Time % Phy DF OF
1 Wojtek Wolski 60 1 2 2
2 Zack Kassian 40 1 2 2
Penalty Kill - 3 Players Defense
Defense Defense Time % Phy DF OF
1 Jason Demers Torey Krug 60 1 2 2
2 Madison Bowey Josh Manson 40 1 2 2
4 vs 4 Forward
Center Wing Time % Phy DF OF
1 Wojtek Wolski Zack Kassian 60 1 2 2
2 Jonathan Toews Gabriel Landeskog 40 1 2 2
4 vs 4 Defense
Defense Defense Time % Phy DF OF
1 Jason Demers Brendan Smith 60 1 2 2
2 Madison Bowey Torey Krug 40 1 2 2
Last Minutes Offensive
Center Left Wing Right Wing Defense Defense
Jonathan Toews Wojtek Wolski Zack Kassian Jason Demers Torey Krug
Last Minutes Defensive
Center Left Wing Right Wing Defense Defense
Jonathan Toews Wojtek Wolski Zack Kassian Jason Demers Torey Krug
Goaltenders
Starting : Kevin Poulin
Backup : Antti Niemi
Extra Forwards
Normal : Andrei Kostitsyn, Matt Read, Casey Cizikas - PP : Andrei Kostitsyn, Matt Read - PK : Casey Cizikas
Extra Defensemen
Normal : Torey Krug, Jason Demers, Brendan Smith - PP : Adam Pelech - PK : Adam Pelech, Madison Bowey
Penalty Shots
Wojtek Wolski, Zack Kassian, Jonathan Toews, Gabriel Landeskog, Kevin Hayes
Scratches
None
% Time on Ice - Stars
Lines # - Real PCT - Wanted PCT - Time Play
Normal Forward
1 - 37% - 40% - 17:56
2 - 35% - 30% - 16:44
3 - 21% - 20% - 10:04
4 - 7% - 10% - 3:22
Normal Defense
1 - 41% - 40% - 19:47
2 - 33% - 30% - 15:47
3 - 20% - 20% - 9:35
4 - 6% - 10% - 2:57
PP Forward
1 - 54% - 60% - 2:08
2 - 46% - 40% - 1:50
PP Defense
1 - 45% - 60% - 1:47
2 - 55% - 40% - 2:11
PK Forward
1 - 64% - 60% - 5:04
2 - 36% - 40% - 2:52
PK Defense
1 - 62% - 60% - 4:56
2 - 38% - 40% - 3:00
PK3 Forward
1 - 0% - 60%
2 - 0% - 40%
PK3 Defense
1 - 0% - 60%
2 - 0% - 40%
44 Forward
1 - 0% - 60%
2 - 0% - 40%
44 Defense
1 - 0% - 60%
2 - 0% - 40%
Last Minute Offensive - 0:00
Last Minute Defensive - 0:00
Total
Forward - 60:00
Defense - 60:00
|
% Time on Ice - Bruins
Lines # - Real PCT - Wanted PCT - Time Play
Normal Forward
1 - 36% - 40% - 17:17
2 - 28% - 30% - 13:30
3 - 19% - 20% - 9:07
4 - 17% - 10% - 8:12
Normal Defense
1 - 41% - 40% - 19:53
2 - 32% - 30% - 15:26
3 - 22% - 20% - 10:39
4 - 4% - 10% - 2:08
PP Forward
1 - 59% - 60% - 4:42
2 - 41% - 40% - 3:14
PP Defense
1 - 61% - 60% - 4:49
2 - 39% - 40% - 3:07
PK Forward
1 - 64% - 60% - 2:33
2 - 36% - 40% - 1:25
PK Defense
1 - 55% - 60% - 2:12
2 - 45% - 40% - 1:46
PK3 Forward
1 - 0% - 60%
2 - 0% - 40%
PK3 Defense
1 - 0% - 60%
2 - 0% - 40%
44 Forward
1 - 0% - 60%
2 - 0% - 40%
44 Defense
1 - 0% - 60%
2 - 0% - 40%
Last Minute Offensive - 0:00
Last Minute Defensive - 0:00
Total
Forward - 60:00
Defense - 60:00
|
Play-by-Play
1st period
0:01 of 1st period - Jonathan Toews wins face-off versus John Tavares in neutral zone.
0:04 of 1st period - Wrist shot by Wojtek Wolski.
0:04 of 1st period - Shot Blocked by Guillaume Latendresse.
0:17 of 1st period - Snap shot by Michael Grabner.
0:17 of 1st period - Deflect By Zack Kassian.
0:17 of 1st period - Shot Blocked by Zack Kassian.
0:17 of 1st period - Puck is out of play.
0:18 of 1st period - Evgeny Grachev wins face-off versus Kevin Hayes in Bruins zone.
0:28 of 1st period - Minor Penalty to Torey Krug for Interference.
0:29 of 1st period - Wojtek Wolski wins face-off versus John Tavares in Bruins zone.
0:55 of 1st period - Gabriel Landeskog is hit by Andrew Ladd and loses puck.
2:04 of 1st period - Wojtek Wolski is hit by Michael Grabner and loses puck.
2:28 of 1st period - Penalty to Torey Krug is over, Torey Krug is back on ice.
2:36 of 1st period - Wrist shot by Kris Chucko.
2:36 of 1st period - Stopped by Matt Murray without a rebound.
2:37 of 1st period - Cory Emmerton wins face-off versus Casey Cizikas in Stars zone.
2:39 of 1st period - Minor Penalty to Cam Atkinson for Roughing.
2:40 of 1st period - John Tavares wins face-off versus Jonathan Toews in Stars zone.
2:56 of 1st period - Wrist shot by Jonathan Toews.
2:56 of 1st period - Deflect By Wojtek Wolski.
2:56 of 1st period - Stopped by Matt Murray with a rebound.
3:12 of 1st period - John Tavares is hit by Torey Krug and loses puck.
3:31 of 1st period - Snap shot by Zack Kassian.
3:31 of 1st period - Stopped by Matt Murray without a rebound.
3:32 of 1st period - Michael Grabner wins face-off versus Jonathan Toews in Stars zone.
4:15 of 1st period - Wrist shot by Wojtek Wolski.
4:15 of 1st period - Shot Blocked by Ian White.
4:17 of 1st period - Snap shot by Wojtek Wolski.
4:17 of 1st period - Shot Blocked by John Tavares.
4:19 of 1st period - Slapshot by Madison Bowey.
4:19 of 1st period - Stopped by Matt Murray without a rebound.
4:20 of 1st period - Alex Chiasson wins face-off versus Kevin Hayes in Stars zone.
4:39 of 1st period - Penalty to Cam Atkinson is over, Cam Atkinson is back on ice.
5:16 of 1st period - Wrist shot by Mikael Backlund.
5:16 of 1st period - Deflect By Kris Chucko.
5:16 of 1st period - Stopped by Matt Murray with a rebound.
6:01 of 1st period - Slapshot by Andrei Kostitsyn.
6:01 of 1st period - Shot Misses the Net.
8:08 of 1st period - Icing by Boris Valabik.
8:09 of 1st period - Kevin Hayes wins face-off versus Cory Emmerton in Stars zone.
8:10 of 1st period - Snap shot by Gabriel Landeskog.
8:10 of 1st period - Stopped by Matt Murray without a rebound.
8:11 of 1st period - Evgeny Grachev wins face-off versus Kevin Hayes in Stars zone.
8:36 of 1st period - Snap shot by Cam Atkinson.
8:36 of 1st period - Shot Misses the Net.
9:13 of 1st period - Off-side.
9:14 of 1st period - Jonathan Toews wins face-off versus Evgeny Grachev in neutral zone.
9:19 of 1st period - Wrist shot by Alex Chiasson.
9:19 of 1st period - Shot Misses the Net.
9:29 of 1st period - Slapshot by Jonathan Toews.
9:29 of 1st period - Stopped by Matt Murray with a rebound.
9:31 of 1st period - Slapshot by Torey Krug.
9:31 of 1st period - Stopped by Matt Murray with a rebound.
9:33 of 1st period - Slapshot by Torey Krug.
9:33 of 1st period - Shot Blocked by Ian White.
9:35 of 1st period - Snap shot by Wojtek Wolski.
9:35 of 1st period - Shot Misses the Net.
9:41 of 1st period - Snap shot by Zack Kassian.
9:41 of 1st period - Shot Misses the Net.
9:53 of 1st period - Off-side.
9:54 of 1st period - Kevin Hayes wins face-off versus John Tavares in neutral zone.
10:26 of 1st period - Matt Read is hit by Cory Emmerton and loses puck.
10:31 of 1st period - Snap shot by Cory Emmerton.
10:31 of 1st period - Shot Blocked by Matt Read.
10:45 of 1st period - Snap shot by Mikael Backlund.
10:45 of 1st period - Shot Misses the Net.
11:13 of 1st period - Snap shot by Victor Oreskovich.
11:13 of 1st period - Stopped by Matt Murray without a rebound.
11:14 of 1st period - Cory Emmerton wins face-off versus Kevin Hayes in Stars zone.
11:25 of 1st period - Wrist shot by Kevin Hayes.
11:25 of 1st period - Deflect By Victor Oreskovich.
11:25 of 1st period - Stopped by Matt Murray without a rebound.
11:26 of 1st period - Jonathan Toews wins face-off versus John Tavares in Stars zone.
11:37 of 1st period - Snap shot by Jonathan Toews.
11:37 of 1st period - Shot Misses the Net.
11:39 of 1st period - Slapshot by Jason Demers.
11:39 of 1st period - Shot Misses the Net.
11:41 of 1st period - Snap shot by Zack Kassian.
11:41 of 1st period - Stopped by Matt Murray without a rebound.
11:42 of 1st period - Kevin Hayes wins face-off versus John Tavares in Stars zone.
11:48 of 1st period - Minor Penalty to Michael Grabner for Hooking.
11:49 of 1st period - John Tavares wins face-off versus Jonathan Toews in Stars zone.
11:49 of 1st period - John Tavares is hit by Wojtek Wolski.
13:48 of 1st period - Penalty to Michael Grabner is over, Michael Grabner is back on ice.
14:12 of 1st period - Andrej Sustr is hit by Kris Chucko and loses puck.
15:41 of 1st period - Evgeny Kuznetsov is hit by Mikael Backlund and loses puck.
16:16 of 1st period - Cam Atkinson is hit by Wojtek Wolski and loses puck.
16:45 of 1st period - Gabriel Landeskog is hit by Andrew Ladd and loses puck.
18:19 of 1st period - Icing by Evgeny Grachev.
18:20 of 1st period - Evgeny Grachev wins face-off versus Mikael Backlund in Stars zone.
18:41 of 1st period - Danny Richmond is hit by Jonathan Toews and loses puck.
19:00 of 1st period - Wrist shot by Kevin Hayes.
19:00 of 1st period - Shot Misses the Net.
19:16 of 1st period - Slapshot by Jason Demers.
19:16 of 1st period - Deflect By John Tavares.
19:16 of 1st period - Stopped by Matt Murray without a rebound.
19:17 of 1st period - Matt Read wins face-off versus Cam Atkinson in Stars zone.
19:20 of 1st period - Snap shot by Matt Read.
19:20 of 1st period - Stopped by Matt Murray without a rebound.
19:21 of 1st period - Cory Emmerton wins face-off versus Wojtek Wolski in Stars zone.
19:24 of 1st period - Snap shot by Zack Kassian.
19:24 of 1st period - Deflect By Wojtek Wolski.
19:24 of 1st period - Stopped by Matt Murray without a rebound.
19:25 of 1st period - Jonathan Toews wins face-off versus Cory Emmerton in Stars zone.
19:28 of 1st period - Wrist shot by Zack Kassian.
19:28 of 1st period - Stopped by Matt Murray with a rebound.
19:30 of 1st period - Wrist shot by Madison Bowey.
19:30 of 1st period - Goal by Madison Bowey - Stars : 0 - Bruins : 1.
19:31 of 1st period - John Tavares wins face-off versus Jonathan Toews in neutral zone.
19:48 of 1st period - Wrist shot by Jonathan Toews.
19:48 of 1st period - Shot Misses the Net.
Goals for this period are 0 for Stars vs 1 for Bruins.
Shots for this period are 0 for Stars vs 16 for Bruins.
2nd period
0:01 of 2nd period - John Tavares wins face-off versus Jonathan Toews in neutral zone.
0:06 of 2nd period - Wrist shot by John Tavares.
0:06 of 2nd period - Stopped by Kevin Poulin with a rebound.
0:08 of 2nd period - Wrist shot by John Tavares.
0:08 of 2nd period - Stopped by Kevin Poulin with a rebound.
0:10 of 2nd period - Slapshot by Ian White.
0:10 of 2nd period - Stopped by Kevin Poulin with a rebound.
0:12 of 2nd period - Snap shot by Michael Grabner.
0:12 of 2nd period - Deflect By Guillaume Latendresse.
0:12 of 2nd period - Shot Misses the Net.
0:12 of 2nd period - Puck is out of play.
0:13 of 2nd period - Jonathan Toews wins face-off versus John Tavares in Bruins zone.
0:17 of 2nd period - Off-side.
0:18 of 2nd period - John Tavares wins face-off versus Jonathan Toews in neutral zone.
0:21 of 2nd period - Snap shot by Ian White.
0:21 of 2nd period - Shot Misses the Net.
1:16 of 2nd period - Snap shot by Andrew Ladd.
1:16 of 2nd period - Stopped by Kevin Poulin without a rebound.
1:17 of 2nd period - Jonathan Toews wins face-off versus Cory Emmerton in Bruins zone.
1:22 of 2nd period - Snap shot by Jonathan Toews.
1:22 of 2nd period - Stopped by Matt Murray without a rebound.
1:23 of 2nd period - Jonathan Toews wins face-off versus John Tavares in Stars zone.
1:50 of 2nd period - Icing by Andrew Ladd.
1:51 of 2nd period - Casey Cizikas wins face-off versus Andrew Ladd in Stars zone.
1:54 of 2nd period - Wrist shot by Matt Read.
1:54 of 2nd period - Shot Misses the Net.
2:04 of 2nd period - Slapshot by Andrew Ladd.
2:04 of 2nd period - Shot Blocked by Jason Demers.
2:06 of 2nd period - Slapshot by Danny Richmond.
2:06 of 2nd period - Stopped by Kevin Poulin with a rebound.
2:38 of 2nd period - Icing by Ian White.
2:39 of 2nd period - Kevin Hayes wins face-off versus Cory Emmerton in Stars zone.
3:49 of 2nd period - Andrew Ladd is hit by Jason Demers.
3:54 of 2nd period - Off-side.
3:55 of 2nd period - Kevin Hayes wins face-off versus Guillaume Latendresse in neutral zone.
4:11 of 2nd period - Kevin Hayes is hit by John Tavares.
4:34 of 2nd period - Snap shot by Gabriel Landeskog.
4:34 of 2nd period - Shot Blocked by Andrej Sustr.
4:36 of 2nd period - Snap shot by Josh Manson.
4:36 of 2nd period - Deflect By Kevin Hayes.
4:36 of 2nd period - Stopped by Matt Murray without a rebound.
4:37 of 2nd period - John Tavares wins face-off versus Jonathan Toews in Stars zone.
5:12 of 2nd period - Wrist shot by Mikael Backlund.
5:12 of 2nd period - Shot Misses the Net.
5:28 of 2nd period - Slapshot by Evgeny Grachev.
5:28 of 2nd period - Stopped by Kevin Poulin with a rebound.
6:14 of 2nd period - Wrist shot by Mikael Backlund.
6:14 of 2nd period - Shot Blocked by Paul Ladue.
6:44 of 2nd period - Wrist shot by Andrei Kostitsyn.
6:44 of 2nd period - Shot Misses the Net.
7:00 of 2nd period - Kevin Hayes is hit by Evgeny Grachev and loses puck.
7:37 of 2nd period - Michael Grabner is hit by Mikael Backlund and loses puck.
7:50 of 2nd period - Cam Atkinson is hit by Matt Read.
9:08 of 2nd period - Slapshot by Madison Bowey.
9:08 of 2nd period - Shot Misses the Net.
9:10 of 2nd period - Slapshot by Torey Krug.
9:10 of 2nd period - Shot Blocked by Tyler Brenner.
9:10 of 2nd period - Tyler Brenner from Stars is injured at 9:10 of 2nd period (Broken Bone (Right Foot)).
9:11 of 2nd period - Jonathan Toews wins face-off versus John Tavares in Stars zone.
9:48 of 2nd period - Snap shot by Andrew Ladd.
9:48 of 2nd period - Shot Blocked by Brendan Smith.
9:50 of 2nd period - Snap shot by Evgeny Grachev.
9:50 of 2nd period - Goal by Evgeny Grachev - Stars : 1 - Bruins : 1.
9:51 of 2nd period - John Tavares wins face-off versus Jonathan Toews in neutral zone.
9:55 of 2nd period - Brian Lee is hit by Brendan Smith.
9:57 of 2nd period - Wrist shot by John Tavares.
9:57 of 2nd period - Stopped by Kevin Poulin without a rebound.
9:58 of 2nd period - John Tavares wins face-off versus Jonathan Toews in Bruins zone.
10:01 of 2nd period - Snap shot by Michael Grabner.
10:01 of 2nd period - Shot Misses the Net.
10:21 of 2nd period - Wrist shot by Jonathan Toews.
10:21 of 2nd period - Shot Misses the Net.
10:23 of 2nd period - Wrist shot by Jonathan Toews.
10:23 of 2nd period - Shot Misses the Net.
11:08 of 2nd period - Ian White is hit by Jason Demers and loses puck.
11:23 of 2nd period - Slapshot by Michael Grabner.
11:23 of 2nd period - Stopped by Kevin Poulin with a rebound.
11:49 of 2nd period - Wrist shot by Michael Grabner.
11:49 of 2nd period - Shot Misses the Net.
12:08 of 2nd period - Icing by Ian White.
12:09 of 2nd period - John Tavares wins face-off versus Kevin Hayes in Stars zone.
13:19 of 2nd period - Wrist shot by Kevin Hayes.
13:19 of 2nd period - Shot Blocked by Danny Richmond.
13:21 of 2nd period - Snap shot by Andrei Kostitsyn.
13:21 of 2nd period - Shot Misses the Net.
13:23 of 2nd period - Wrist shot by Matt Read.
13:23 of 2nd period - Shot Misses the Net.
13:43 of 2nd period - Cory Emmerton is hit by Josh Manson and loses puck.
13:48 of 2nd period - Snap shot by Gabriel Landeskog.
13:48 of 2nd period - Shot Misses the Net.
14:29 of 2nd period - Casey Cizikas is hit by Paul Ladue and loses puck.
14:56 of 2nd period - Andrej Sustr is hit by Josh Manson and loses puck.
15:19 of 2nd period - Adam Pelech is hit by Evgeny Grachev.
17:15 of 2nd period - Jonathan Toews is hit by Evgeny Grachev and loses puck.
Goals for this period are 1 for Stars vs 0 for Bruins.
Shots for this period are 9 for Stars vs 2 for Bruins.
3rd period
0:01 of 3rd period - John Tavares wins face-off versus Jonathan Toews in neutral zone.
0:03 of 3rd period - Off-side.
0:04 of 3rd period - Jonathan Toews wins face-off versus John Tavares in neutral zone.
0:39 of 3rd period - Snap shot by Kevin Hayes.
0:39 of 3rd period - Goal by Kevin Hayes - Stars : 1 - Bruins : 2.
0:40 of 3rd period - Jonathan Toews wins face-off versus John Tavares in neutral zone.
1:19 of 3rd period - Gabriel Landeskog is hit by Ian White and loses puck.
1:29 of 3rd period - Off-side.
1:30 of 3rd period - Cory Emmerton wins face-off versus Casey Cizikas in neutral zone.
1:39 of 3rd period - Snap shot by Cory Emmerton.
1:39 of 3rd period - Deflect By Cam Atkinson.
1:39 of 3rd period - Stopped by Kevin Poulin without a rebound.
1:40 of 3rd period - Jonathan Toews wins face-off versus John Tavares in Bruins zone.
1:50 of 3rd period - Torey Krug is hit by Tyson Barrie and loses puck.
2:09 of 3rd period - Wrist shot by Evgeny Grachev.
2:09 of 3rd period - Stopped by Kevin Poulin without a rebound.
2:10 of 3rd period - Evgeny Grachev wins face-off versus Kevin Hayes in Bruins zone.
2:17 of 3rd period - Snap shot by Evgeny Grachev.
2:17 of 3rd period - Shot Misses the Net.
2:21 of 3rd period - Snap shot by Andrew Ladd.
2:21 of 3rd period - Stopped by Kevin Poulin with a rebound.
2:23 of 3rd period - Slapshot by Boris Valabik.
2:23 of 3rd period - Stopped by Kevin Poulin without a rebound.
2:24 of 3rd period - Jonathan Toews wins face-off versus John Tavares in Bruins zone.
2:47 of 3rd period - Minor Penalty to Alex Chiasson for High sticking.
2:48 of 3rd period - John Tavares wins face-off versus Jonathan Toews in Stars zone.
4:47 of 3rd period - Penalty to Alex Chiasson is over, Alex Chiasson is back on ice.
5:00 of 3rd period - Evgeny Grachev is hit by Matt Read.
5:34 of 3rd period - Andrej Sustr is hit by Matt Read and loses puck.
5:53 of 3rd period - Danny Richmond is hit by Wojtek Wolski and loses puck.
6:48 of 3rd period - Cory Emmerton is hit by Gabriel Landeskog and loses puck.
7:12 of 3rd period - Icing by Evgeny Grachev.
7:13 of 3rd period - Evgeny Grachev wins face-off versus Jonathan Toews in Stars zone.
7:35 of 3rd period - Boris Valabik is hit by Madison Bowey and loses puck.
7:48 of 3rd period - Snap shot by Victor Oreskovich.
7:48 of 3rd period - Shot Blocked by Tobias Rieder.
8:02 of 3rd period - John Tavares is hit by Matt Read and loses puck.
8:38 of 3rd period - Icing by Kris Chucko.
8:39 of 3rd period - Evgeny Kuznetsov wins face-off versus Mikael Backlund in Bruins zone.
9:04 of 3rd period - Wrist shot by Evgeny Grachev.
9:04 of 3rd period - Stopped by Kevin Poulin without a rebound.
9:05 of 3rd period - Jonathan Toews wins face-off versus Evgeny Grachev in Bruins zone.
9:19 of 3rd period - Off-side.
9:20 of 3rd period - John Tavares wins face-off versus Kevin Hayes in neutral zone.
9:31 of 3rd period - Snap shot by Kevin Hayes.
9:31 of 3rd period - Stopped by Matt Murray with a rebound.
9:33 of 3rd period - Wrist shot by Gabriel Landeskog.
9:33 of 3rd period - Shot Misses the Net.
9:56 of 3rd period - Wrist shot by Zack Kassian.
9:56 of 3rd period - Shot Misses the Net.
9:58 of 3rd period - Snap shot by Zack Kassian.
9:58 of 3rd period - Goal by Zack Kassian - Stars : 1 - Bruins : 3.
9:59 of 3rd period - John Tavares wins face-off versus Jonathan Toews in neutral zone.
10:02 of 3rd period - Wojtek Wolski is hit by Michael Grabner and loses puck.
10:11 of 3rd period - Snap shot by Brendan Smith.
10:11 of 3rd period - Stopped by Matt Murray without a rebound.
10:12 of 3rd period - Michael Grabner wins face-off versus Jonathan Toews in Stars zone.
10:12 of 3rd period - Michael Grabner is hit by Jonathan Toews.
10:28 of 3rd period - Zack Kassian is hit by Brian Lee and loses puck.
10:48 of 3rd period - Snap shot by Gabriel Landeskog.
10:48 of 3rd period - Stopped by Matt Murray with a rebound.
10:50 of 3rd period - Wrist shot by Victor Oreskovich.
10:50 of 3rd period - Stopped by Matt Murray with a rebound.
10:52 of 3rd period - Slapshot by Victor Oreskovich.
10:52 of 3rd period - Stopped by Matt Murray with a rebound.
11:02 of 3rd period - Torey Krug is hit by Ian White.
11:33 of 3rd period - Minor Penalty to Torey Krug for Unsportsmanlike conduct.
11:34 of 3rd period - John Tavares wins face-off versus Wojtek Wolski in Bruins zone.
12:04 of 3rd period - Wrist shot by Evgeny Grachev.
12:04 of 3rd period - Deflect By Wojtek Wolski.
12:04 of 3rd period - Shot Misses the Net.
12:04 of 3rd period - Puck is out of play.
12:05 of 3rd period - Evgeny Grachev wins face-off versus Wojtek Wolski in Bruins zone.
13:12 of 3rd period - Brian Lee is hit by Brendan Smith and loses puck.
13:33 of 3rd period - Penalty to Torey Krug is over, Torey Krug is back on ice.
13:48 of 3rd period - Off-side.
13:49 of 3rd period - Cory Emmerton wins face-off versus Mikael Backlund in neutral zone.
14:00 of 3rd period - Wrist shot by Cam Atkinson.
14:00 of 3rd period - Shot Blocked by Torey Krug.
14:02 of 3rd period - Slapshot by Tobias Rieder.
14:02 of 3rd period - Shot Misses the Net.
14:04 of 3rd period - Slapshot by Paul Ladue.
14:04 of 3rd period - Deflect By Mikael Backlund.
14:04 of 3rd period - Stopped by Kevin Poulin without a rebound.
14:05 of 3rd period - Jonathan Toews wins face-off versus Evgeny Grachev in Bruins zone.
14:05 of 3rd period - Jonathan Toews is hit by Andrew Ladd.
14:13 of 3rd period - Snap shot by Zack Kassian.
14:13 of 3rd period - Shot Misses the Net.
14:15 of 3rd period - Snap shot by Jason Demers.
14:15 of 3rd period - Stopped by Matt Murray without a rebound.
14:16 of 3rd period - John Tavares wins face-off versus Jonathan Toews in Stars zone.
14:23 of 3rd period - Wrist shot by John Tavares.
14:23 of 3rd period - Stopped by Kevin Poulin with a rebound.
14:25 of 3rd period - Slapshot by Brian Lee.
14:25 of 3rd period - Stopped by Kevin Poulin without a rebound.
14:26 of 3rd period - John Tavares wins face-off versus Jonathan Toews in Bruins zone.
14:27 of 3rd period - Snap shot by Michael Grabner.
14:27 of 3rd period - Stopped by Kevin Poulin without a rebound.
14:28 of 3rd period - John Tavares wins face-off versus Jonathan Toews in Bruins zone.
15:28 of 3rd period - Slapshot by Torey Krug.
15:28 of 3rd period - Deflect By Victor Oreskovich.
15:28 of 3rd period - Stopped by Matt Murray with a rebound.
15:30 of 3rd period - Slapshot by Torey Krug.
15:30 of 3rd period - Shot Blocked by Danny Richmond.
15:32 of 3rd period - Snap shot by Kevin Hayes.
15:32 of 3rd period - Shot Blocked by Danny Richmond.
15:56 of 3rd period - Snap shot by Gabriel Landeskog.
15:56 of 3rd period - Shot Blocked by Boris Valabik.
15:58 of 3rd period - Slapshot by Madison Bowey.
15:58 of 3rd period - Stopped by Matt Murray without a rebound.
15:59 of 3rd period - Casey Cizikas wins face-off versus John Tavares in Stars zone.
16:03 of 3rd period - Minor Penalty to Brian Lee for Hooking.
16:04 of 3rd period - John Tavares wins face-off versus Jonathan Toews in Stars zone.
17:50 of 3rd period - Ian White is hit by Matt Read and loses puck.
18:03 of 3rd period - Penalty to Brian Lee is over, Brian Lee is back on ice.
18:10 of 3rd period - Icing by Boris Valabik.
18:11 of 3rd period - Gabriel Landeskog wins face-off versus Evgeny Grachev in Stars zone.
18:20 of 3rd period - Wrist shot by Andrew Ladd.
18:20 of 3rd period - Stopped by Kevin Poulin with a rebound.
Goals for this period are 0 for Stars vs 2 for Bruins.
Shots for this period are 10 for Stars vs 10 for Bruins.